Map: Triton LE

Players

Mez - Winner!

  • Race: Terran Terran
  • League: Master
  • Spawn Location: 11:00

NeebFanboy

  • Race: Protoss Protoss
  • League: Master
  • Spawn Location: 5:00

VOD

Have the link to the VOD?

Description

Time

  • Played on: Sept. 9, 2019, 1:49 p.m.
  • Length: 12:00
Show
View Real Time Build Order
Export as new Build Order

Mez Terran - Winner!

Build Orders: Reaper Expand 

Get SALT Encoding   

  12  0:00  SCV  
  13  0:12  SCV  
  14  0:17  Supply Depot  
  14  0:25  SCV  
  15  0:39  SCV  
  15  0:40  Barracks  
  16  0:44  Refinery  
  16  0:51  SCV  
  17  1:03  SCV  
  18  1:15  SCV  
  19  1:28  Reaper  
  19  1:29  Orbital Command  
  20  1:42  Command Center  
  20  1:49  Bunker  
  20  1:55  SCV  
  20  2:00  Marine  
  22  2:05  Supply Depot  
  22  2:07  SCV  
  23  2:15  Factory  
  23  2:21  Barracks Reactor  
  23  2:26  SCV  
  24  2:38  SCV  
  24  2:40  Refinery  
  25  2:50  SCV  
  26  2:56  Orbital Command  
  26  2:57  Marine  
  26  2:58  Marine  
  28  2:59  Widow Mine  
  30  3:08  SCV  
  30  3:11  Starport  
  31  3:15  Marine x2  
  33  3:20  SCV  
  33  3:21  Widow Mine  
  33  3:23  SCV  
  37  3:28  Supply Depot  
  37  3:32  SCV  
  38  3:34  Marine x2  
  38  3:35  SCV  
  41  3:43  Factory Tech Lab  
  41  3:44  SCV  
  41  3:47  SCV  
  41  3:48  Medivac  
  45  3:52  Barracks  
  45  3:55  Engineering Bay  
  45  3:57  SCV  
  45  4:01  SCV  
  47  4:03  Barracks  
  47  4:07  Marine x2  
  49  4:15  SCV x2  
  49  4:16  Refinery  
  51  4:20  Starport Tech Lab  
  51  4:27  SCV x2  
  52  4:34  Marine x2  
  52  4:37  Factory Reactor  
  54  4:39  Terran Infantry Weapons Level 1  
  54  4:43  Supply Depot  
  54  4:45  SCV x2  
  56  4:51  Starport Reactor  
  56  4:54  Stimpack  
  56  4:55  Marine x2  
  56  4:57  Marauder, SCV x2  
  62  5:00  Combat Shield  
  62  5:08  Supply Depot  
  62  5:09  SCV x2  
  62  5:13  Marauder  
  66  5:14  Marine x2  
  70  5:21  SCV x2  
  70  5:31  Missile Turret  
  70  5:33  SCV x2  
  70  5:36  Marine, Missile Turret  
  70  5:37  Marauder x2, Marine  
  70  5:39  Refinery  
  69  5:43  Widow Mine  
  69  5:44  Widow Mine  
  69  5:48  Supply Depot  
  69  5:49  Medivac x2  
  77  5:54  Marine  
  78  6:10  Widow Mine x2, SCV x2  
  84  6:16  Supply Depot  
  84  6:19  Supply Depot  
  84  6:23  Command Center  
  84  6:24  Marauder x2, Marine x2  
  83  6:33  Widow Mine  
  83  6:36  Concussive Shells  
  83  6:38  Widow Mine  
  87  6:44  Barracks  
  87  6:45  Terran Infantry Armor Level 1, Barracks  
  87  6:54  Medivac x2  
  89  6:57  Widow Mine  
  89  6:59  SCV  
  89  7:00  Widow Mine  
  95  7:01  SCV  
  95  7:11  SCV  
  87  7:20  Marauder x2, Marine x2  
  87  7:22  SCV  
  86  7:23  SCV  
  86  7:24  Medivac x2  
  91  7:36  Barracks Tech Lab, Barracks Reactor  
  84  7:42  Marauder x2  
  84  7:44  Supply Depot  
  87  7:46  Supply Depot, Armory  
  79  7:53  Medivac  
  79  7:54  Medivac  
  79  7:57  Marine x2  
  79  7:58  Marine  
  84  8:00  Orbital Command, SCV x2  
  84  8:02  Marine  
  85  8:13  Engineering Bay  
  85  8:18  Missile Turret  
  85  8:22  Marine x7  
  85  8:25  SCV x2  
  94  8:40  Terran Infantry Armor Level 2, Terran Infantry Weapons Level 2  
  94  8:42  Supply Depot  
  94  8:44  Viking x2  
  94  8:47  Marauder  
  104  8:50  Marauder, Marine x2  
  104  8:51  Marauder  
  106  8:56  Starport, SCV  
  106  8:57  SCV x2  
  108  9:19  Marauder x3, Marine x3  
  108  9:20  Viking x2  
  108  9:22  SCV x3  
  116  9:35  Viking x2  
  120  9:39  Terran Ship Weapons Level 1, Refinery x2  
  120  9:43  SCV x2  
  120  9:44  SCV  
  123  9:49  Viking  
  125  9:53  Marine  
  125  9:54  Marine x3  
  125  9:55  Marauder x3, Command Center  
  125  9:59  Viking  
  137  10:10  Viking  
  137  10:11  Viking  
  137  10:12  Ghost Academy  
  139  10:16  Marauder  
  139  10:17  Marauder  
  139  10:19  Viking  
  122  10:23  SCV x3  
  101  10:32  Marine x5  
  101  10:35  SCV x3  
  101  10:37  Marine x2  
  102  10:47  SCV  
  103  10:51  Liberator x2  
  103  10:54  Marine x3  
  116  11:14  SCV x2  
  118  11:24  Unknown x2  
  124  11:28  SCV x3  
Show
View Real Time Build Order
Export as new Build Order

NeebFanboy Protoss 

Build Orders: 1 Gate Expand, Phoenix Opening, Colossus Rush 

Get SALT Encoding   

  12  0:00  Probe  
  13  0:12  Probe  
  14  0:21  Pylon  
  14  0:25  Probe  
  15  0:38  Probe  
  15  0:39  Gateway  
  16  0:46  Probe  
  16  0:52  Assimilator  
  16  0:54  Probe  
  18  1:05  Probe  
  19  1:18  Probe  
  20  1:28  Cybernetics Core  
  20  1:37  Nexus  
  20  1:40  Probe  
  21  1:48  Pylon  
  21  1:54  Assimilator  
  21  1:55  Probe  
  21  1:56  Adept  
  22  2:08  Warp Gate  
  24  2:10  Probe  
  25  2:22  Probe  
  26  2:26  Adept  
  28  2:40  Probe  
  28  2:43  Stargate  
  29  2:51  Probe  
  29  2:52  Probe  
  31  3:00  Probe x2  
  33  3:08  Probe x2  
  35  3:18  Probe  
  35  3:19  Probe, Phoenix  
  35  3:20  Pylon  
  35  3:24  Robotics Facility  
  37  3:30  Probe  
  37  3:31  Probe  
  41  3:38  Phoenix  
  41  3:43  Probe  
  41  3:45  Probe  
  45  3:52  Assimilator  
  45  3:53  Assimilator  
  45  3:55  Probe  
  46  3:57  Probe, Phoenix  
  46  3:59  Pylon  
  47  4:03  Adept  
  47  4:07  Probe  
  53  4:10  Probe  
  53  4:13  Observer  
  54  4:19  Probe  
  54  4:20  Pylon  
  54  4:22  Probe  
  57  4:31  Probe  
  57  4:35  Phoenix  
  57  4:36  Observer, Probe  
  61  4:43  Probe  
  62  4:48  Probe  
  62  4:52  Phoenix  
  63  4:53  Robotics Bay  
  63  4:55  Probe  
  63  4:57  Pylon  
  64  5:00  Gateway  
  64  5:01  Gateway  
  64  5:02  Gateway  
  66  5:07  Probe  
  66  5:08  Probe  
  66  5:12  Adept  
  70  5:15  Pylon, Phoenix  
  63  5:34  Colossus, Extended Thermal Lance  
  61  5:36  Probe x2  
  61  5:40  Nexus  
  59  5:48  Probe x2  
  67  5:59  Forge  
  67  6:00  Probe  
  67  6:08  Zealot x3  
  67  6:11  Probe  
  74  6:12  Probe  
  74  6:16  Pylon  
  74  6:18  Colossus  
  75  6:27  Zealot  
  75  6:32  Shield Battery x2  
  77  6:38  Sentry x2  
  77  6:39  Sentry  
  89  6:43  Probe x2  
  91  6:48  Pylon  
  91  6:55  Zealot  
  81  7:28  Colossus  
  79  7:35  Protoss Ground Weapons Level 1  
  61  7:37  Zealot  
  61  7:38  Zealot x3  
  73  7:51  Robotics Facility  
  73  7:54  Twilight Council  
  71  8:00  Stalker x4  
  71  8:04  Probe  
  79  8:07  Probe x2  
  79  8:12  Colossus, Probe  
  82  8:19  Probe x2  
  85  8:26  Sentry x2  
  85  8:27  Stalker x2  
  97  8:33  Colossus  
  99  8:37  Gateway  
  99  8:38  Gateway  
  99  8:40  Photon Cannon  
  99  8:45  Charge  
  105  8:53  Zealot x4  
  113  9:06  Observer  
  104  9:17  Colossus  
  94  9:25  Probe x2  
  94  9:29  Observer  
  102  9:39  Colossus  
  102  9:43  Zealot x4  
  102  9:45  Probe  
  117  10:18  Colossus, Probe x3  
  114  10:23  Colossus  
  84  10:30  Probe  
  84  10:31  Probe  
  84  10:32  Zealot x6  
  94  10:40  Probe  
  94  10:42  Probe  
  88  10:43  Probe  
  87  10:58  Stalker x5  
  87  11:00  Stalker  
  99  11:09  Observer  
  99  11:21  Stalker x4  
  99  11:22  Stalker  
  99  11:23  Zealot  
Tags
 
Add a new tag
Caveats
  • Supply blocks, unpowered buildings, or Contaminate may cause inaccurate times.
  • Supply counts are checked every 10 seconds.